 Dungeon Crawl Stone Soup version 0.18-a0-1070-gd466a24 (webtiles) character file.

103 namelastname112 the Magician (level 4, -1/33 HPs)
             Began as a Draconian Wizard on Jan 14, 2016.
             Slain by a worm (6 damage)
             ... on level 3 of the Dungeon.
             The game lasted 00:05:59 (2595 turns).

namelastname112 the Magician (Draconian Wizard)     Turns: 2595, Time: 00:06:00

Health: -1/33      AC:  5    Str:  9    XL:     4   Next: 51%
Magic:  0/10       EV: 20    Int: 24    God:
Gold:   108        SH:  0    Dex: 15    Spells: 2 memorised, 8 levels left

rFire  . . .     SeeInvis .     f - -2 dagger
rCold  . . .     Gourm    .     (armour unavailable)
rNeg   . . .     Faith    .     (no shield)
rPois  .         Spirit   .     a - +0 hat
rElec  .         Dismiss  .     (no cloak)
rCorr  .         Reflect  .     (no gloves)
SustAt .         Harm     .     (no boots)
MR     .....                    (no amulet)
Stlth  +++.......               m - ring of wizardry
                                s - +3 ring of evasion

@: brilliant, agile, lethally poisoned (-1 -> -3), not resistant to hostile
enchantments, fairly stealthy
A: unfitting armour, cold-blooded, AC +5
a: no special abilities


You were on level 3 of the Dungeon.
You were not hungry.

You visited 1 branch of the dungeon, and saw 3 of its levels.

You collected 108 gold pieces.

Inventory:

Hand Weapons
 f - a -2 dagger (weapon)
Armour
 a - a +0 hat (worn)
Jewellery
 h - a +2 ring of intelligence
 m - a ring of wizardry (right hand)
 s - a +3 ring of evasion (left hand)
Scrolls
 d - 4 scrolls of identify
 j - a scroll of remove curse
Books
 b - a book of Minor Magic

   Spells                             Type                      Level
   a - Magic Dart                     Conjuration                  1
   b - Blink                          Translocation                2
   c - Call Imp                       Summoning                    2
   d - Repel Missiles                 Charms/Air                   2
   e - Slow                           Hexes                        2
   f - Conjure Flame                  Conjuration/Fire             3
   g - Mephitic Cloud                 Conjuration/Poison/Air       3
Comestibles
 c - 2 bread rations
 i - a meat ration
 o - a beef jerky
 q - a chunk of flesh


   Skills:
 - Level 1.7 Dodging
 - Level 1.7 Stealth
 + Level 4.3 Spellcasting
 + Level 2.8 Conjurations
 - Level 1.0 Summonings
   Level 1.0 Translocations


You had 8 spell levels left.
You knew the following spells:

 Your Spells              Type           Power        Failure   Level  Hunger
a - Call Imp              Summ           ###.....     1%          2    None
z - Magic Dart            Conj           ####         1%          1    None


Dungeon Overview and Level Annotations

Branches:
Dungeon (3/15)

Altars:
Pakellas


Innate Abilities, Weirdness & Mutations

Your plain brown scales are hard (AC +5).
Your body does not fit into most forms of armour.
You are cold-blooded and may be slowed by cold attacks.


Message History

Aim: a worm The magic dart hits the worm.
The worm is lightly wounded.
The kobold shouts!
You hit the worm but do no damage.
The worm is lightly wounded.
The worm closely misses you.
You hit the worm.
The worm is moderately wounded.
You feel sick. The kobold closely misses you. The worm misses you.
You hit the worm.
The worm is moderately wounded.
The kobold misses you.
You aren't carrying any potions.
Read which item? (? for menu, Esc to quit)
As you read the scroll labeled BOJ ISCHAOPP, it crumbles to dust.
It is a scroll of identify.
You don't have any unidentified items.
The kobold misses you. The worm bites you.
You die...

##### #(.(5o......? #....
...<# #..##o####### #....
##### #####..##.# #....
#.......#o# #.... .#
#.......#o####### #.... ###
..# #.......#K#.....# #....
..# #.#
#####...#.#.....####.... ..#
#.# #########.#.......†#†...
..# #.#
......w@Ko#............. ..#
#.#############........#.<..
..####.#.......#.#
##.###...#....
........#.###.##.####.#
#...#....
........#.#....#....#.#
#...#####
..#####.#.#.####.##.#.# #...#
..# #.#.#.#.......#.# #...#
..# #.#.#<#.##.#.##.###...#
#######.#.#.#.##.###...[#...#


You could see a worm, an orc and a kobold.

Vanquished Creatures
  2 adders (D:3)
  4 giant geckos
  An orc (D:3)
  4 ball pythons
  9 giant cockroaches
  3 goblins
  4 hobgoblins
  7 bats
  6 giant newts
  6 kobolds
  8 rats
54 creatures vanquished.

Vanquished Creatures (collateral kills)
  The ghost of asdu the Chopper, a weakling HOBe of Trog (D:3)
  5 jackals
  2 rats
8 creatures vanquished.

Grand Total: 62 creatures vanquished

Notes
Turn   | Place    | Note
--------------------------------------------------------------
     0 | D:1      | namelastname112 the Draconian Wizard began the quest for the Orb.
     0 | D:1      | Reached XP level 1. HP: 14/14 MP: 4/4
   732 | D:1      | Reached XP level 2. HP: 20/20 MP: 1/6
  1253 | D:2      | Learned a level 2 spell: Call Imp
  1385 | D:2      | Reached XP level 3. HP: 26/26 MP: 2/8
  1818 | D:2      | Found an oddly glowing altar of Pakellas.
  2033 | D:3      | Reached skill level 4 in Spellcasting
  2143 | D:3      | Noticed asdu's ghost (weakling HOBe)
  2158 | D:3      | Killed asdu's ghost
  2158 | D:3      | Reached XP level 4. HP: 33/33 MP: 5/10
  2362 | D:3      | Found a faded altar to an unknown god.
  2595 | D:3      | Slain by a worm

Vault maps used:
D:1:      dpeg_arrival_three_same_balls
D:2:      grunt_pakellas_basics
D:3:      ecumenical_altar_1

Action                   |  1- 3 |  4- 6 || total
-------------------------+-------+-------++-------
Melee: Dagger            |    86 |    10 ||    96
       Unarmed           |     5 |       ||     5
 Cast: Magic Dart        |    91 |    31 ||   122
       Call Imp          |     5 |     5 ||    10
  Use: Scroll            |       |     6 ||     6
       Potion            |       |     3 ||     3
  Eat: Chunk             |     4 |     1 ||     5
